 Dungeon Crawl Stone Soup version 0.16-a0-249-g5922f4d (webtiles) character file.

863 Froboctopus the Changer (level 8, -1/48 HPs)
             Began as an Octopode Transmuter on Aug 21, 2014.
             Killed from afar by an orc wizard (6 damage)
             ... with a magic dart
             ... on Level 5 of the Dungeon on Aug 22, 2014.
             The game lasted 00:19:42 (4816 turns).

Froboctopus the Changer (Octopode Transmuter)       Turns: 4816, Time: 00:19:42

HP  -1/48        AC  1     Str 12      XL: 8   Next:  2%
MP  25/25        EV 13     Int 15      God:
Gold 332         SH  0     Dex 12      Spells:  3 memorised,  4 levels left

rFire  . . .     SeeInvis .       - Unarmed
rCold  . . .     Clarity  .     (no shield)
rNeg   . . .     rCorr    .     (helmet restricted)
rPois  +         rRot     .     (no amulet)
rElec  .         Spirit   .     o - ring of protection from magic
SustAb .         Warding  .     s - ring of magical power
rMut   .         Stasis   .     z - ring of poison resistance
Gourm  .                        (no ring)
MR     +....                    (no ring)
                                (no ring)
                                (no ring)
                                (no ring)

@: appendage, somewhat resistant to hostile enchantments, unstealthy
A: almost no armour, amphibious, 8 rings, constrict 8, tentacle spike 3,
camouflage 1, gelatinous body 1
a: End Transformation


You were on level 5 of the Dungeon.
You were hungry.
One of your tentacles had a temporary spike.
You visited 1 branch of the dungeon, and saw 5 of its levels.
You also visited: Sewer.

You collected 332 gold pieces.

Inventory:

Hand weapons
 q - a +2 whip of draining
Missiles
 b - 12 arrows
 m - 48 stones (quivered)
Magical devices
 A - a wand of paralysis (10)
 G - a wand of slowing (10)
Comestibles
 a - 3 bread rations
 f - 4 meat rations
 L - a chunk of adder flesh
Scrolls
 c - 3 scrolls of teleportation {unknown}
 e - 5 scrolls of identify {unknown}
 h - 2 scrolls of noise {unknown}
 j - 3 scrolls of remove curse {unknown}
 r - 3 scrolls of fog {unknown}
 t - a scroll of magic mapping {unknown}
 w - 2 scrolls of fear {unknown}
 x - a scroll of blinking {unknown}
 y - 2 scrolls of enchant weapon {unknown}
 C - a scroll of recharging {unknown}
 F - 4 scrolls of enchant armour {unknown}
Jewellery
 o - a ring of protection from magic (left tentacle)
 s - a ring of magical power (right tentacle)
 z - a ring of poison resistance (on tentacle)
Potions
 g - a potion of curing
 i - a potion of cure mutation {unknown}
 k - 3 potions of haste {unknown}
 l - 4 potions of poison
 n - a potion of agility {unknown}
 p - a potion of invisibility {unknown}
 u - a potion of confusion {unknown}
 v - 6 potions of flight {unknown}
 B - 4 potions of magic
 D - 2 potions of restore abilities {unknown}
 E - 2 potions of resistance {unknown}
 I - a potion of degeneration {unknown}
Books
 d - a book of Changes

   Spells                             Type                      Level
   *Beastly Appendage                 Transmutation                1
   Sticks to Snakes                   Transmutation                2
   *Spider Form                       Transmutation/Poison         3
   Ice Form                           Ice/Transmutation            4
   *Blade Hands                       Transmutation                5
 H - a book of Conjurations

   Spells                             Type                      Level
   Magic Dart                         Conjuration                  1
   Searing Ray                        Conjuration                  2
   Dazzling Spray                     Conjuration/Hexes            3
   Fulminant Prism                    Conjuration/Hexes            4
   Iskenderun's Mystic Blast          Conjuration                  4
   Iskenderun's Battlesphere          Conjuration/Charms           5
 J - a book of Power

   Spells                             Type                      Level
   Fulminant Prism                    Conjuration/Hexes            4
   Iskenderun's Mystic Blast          Conjuration                  4
   Venom Bolt                         Conjuration/Poison           5
   Bolt of Magma                      Conjuration/Fire/Earth       5
   Iron Shot                          Conjuration/Earth            6
   Orb of Destruction                 Conjuration                  7


   Skills:
 - Level 1.0 Fighting
 + Level 4.1 Dodging
 + Level 4.8 Unarmed Combat
 - Level 3.3 Spellcasting
 * Level 6.4 Transmutations


You had 4 spell levels left.
You knew the following spells:

 Your Spells              Type           Power        Failure   Level  Hunger
a - Beastly Appendage     Trmt           ###...       1%          1    None
b - Spider Form           Trmt/Pois      ##........   17%         3    ###....
c - Blade Hands           Trmt           ###.......   41%         5    #####..


Dungeon Overview and Level Annotations

Branches:
Dungeon (5/15)
 Temple: D:4-7

Altars:
Kikubaaqudgha
Qazlal
Vehumet
The Shining One


Innate Abilities, Weirdness & Mutations

You cannot wear most types of armour.
You are amphibious.
You can wear up to eight rings at the same time.
You can use your tentacles to constrict many enemies at once.
Your skin changes colour to match your surroundings (Stealth).
Your rubbery body absorbs attacks (AC +1).
One of your tentacles bears a large vicious spike.


Message History

The orc wizard flickers and vanishes!
Deactivating autopickup; reactivate with Ctrl-A.
You tentacle-slap something. Your squeeze misses something. Something hits you.
* * * LOW HITPOINT WARNING * * *
Drink which item? (? for menu, Esc to quit)
You feel better. Something barely misses you.
You miss something. Your squeeze misses something. Something hits you.
* * * LOW HITPOINT WARNING * * *
You miss something.
You hear some strange, mumbled words.
The magic dart hits you!
* * * LOW HITPOINT WARNING * * *
You tentacle-slap something but do no damage.
Your squeeze misses something.
You hear some strange, mumbled words.
Something tries to affect you, but you resist.
You closely miss something.
You hear some strange, mumbled words.
The magic dart hits you!
You die...

....#+##.......#..+
................#..#
.................#..#
..................#..#
#...........(....+..+
#................#.##
#.....##+###'##%##.###
####.....).......#....%..
......).@#.......#.......
.........#.......#....##.
.........#.a.....+....#
........#'###..###...#
........#..##..###...#
........#.......#....#
.......+.......'....#
......#.......#....+
.?...#.......#....#


There were no monsters in sight!

Vanquished Creatures
  Grinder (D:3)
  Blork the orc (D:5)
  A crimson imp (D:5)
  2 orc priests
  A hound (D:5)
  Natasha (thrice) (D:3)
  2 worker ants
  2 orc wizards (D:4)
  Ijyb (D:2)
  Terence (D:2)
  A shadow imp (D:5)
  8 adders
  3 giant mites
  7 worms
  5 giant geckos
  6 oozes
  18 orcs
  12 bats
  A bat skeleton (D:4)
  6 giant cockroaches
  8 goblins
  9 hobgoblins
  7 jackals
  14 kobolds
  A quokka (D:4)
  4 ball pythons
  10 giant newts
  A gnoll skeleton (D:4)
  A goblin skeleton (D:5)
  9 rats
146 creatures vanquished.

Notes
Turn   | Place    | Note
--------------------------------------------------------------
     0 | D:1      | Froboctopus, the Octopode Transmuter, began the quest for the Orb.
     0 | D:1      | Reached XP level 1. HP: 13/13 MP: 3/3
    86 | D:1      | Reached XP level 2. HP: 6/18 MP: 4/4
   723 | D:2      | Noticed Ijyb
   740 | D:2      | Killed Ijyb
   740 | D:2      | Reached XP level 3. HP: 17/23 MP: 4/6
   757 | D:2      | Learned a level 3 spell: Spider Form
   935 | D:2      | Found a stormy altar of Qazlal.
   969 | D:2      | Noticed Terence
   980 | D:2      | Upgraded the game from 0.16-a0-231-g3d5c238 to 0.16-a0-249-g5922f4d
   988 | D:2      | Killed Terence
   988 | D:2      | Reached XP level 4. HP: 18/28 MP: 5/8
  1470 | D:2      | Reached XP level 5. HP: 28/33 MP: 11/11
  1483 | D:2      | Learned a level 5 spell: Blade Hands
  1687 | D:3      | Found a radiant altar of Vehumet.
  1731 | D:3      | Noticed Natasha
  1741 | D:3      | Killed Natasha
  1767 | D:3      | Found a glowing drain.
  1792 | D:3      | Reached skill level 4 in Transmutations
  2079 | Sewer    | Entered a sewer
  2531 | Sewer    | Reached XP level 6. HP: 27/38 MP: 13/13
  2880 | D:3      | Noticed Grinder
  3182 | D:3      | Noticed Natasha
  3187 | D:3      | Killed Natasha
  3309 | D:3      | Found a glowing golden altar of the Shining One.
  3609 | D:4      | Reached skill level 5 in Transmutations
  4219 | D:3      | Killed Grinder
  4219 | D:3      | Reached XP level 7. HP: 43/43 MP: 15/15
  4334 | D:3      | Noticed Natasha
  4340 | D:3      | Killed Natasha
  4374 | D:3      | Reached skill level 6 in Transmutations
  4475 | D:5      | Entered Level 5 of the Dungeon
  4490 | D:5      | Found an ancient bone altar of Kikubaaqudgha.
  4492 | D:5      | Noticed Blork the orc
  4509 | D:5      | Killed Blork the orc
  4767 | D:5      | Reached XP level 8. HP: 18/48 MP: 16/16
  4816 | D:5      | Killed from afar by an orc wizard

Action                   |  1- 3 |  4- 6 |  7- 9 || total
-------------------------+-------+-------+-------++-------
Melee: Unarmed           |    70 |   252 |    56 ||   378
Throw: Stone             |       |    27 |    12 ||    39
 Cast: Beastly Appendage |     8 |    24 |     6 ||    38
       Spider Form       |     1 |     1 |     2 ||     4
 Abil: End Transformatio |       |       |     1 ||     1
Evoke: Wand              |       |     2 |     1 ||     3
  Use: Potion            |       |       |     4 ||     4
 Stab: Sleeping          |     1 |     3 |       ||     4
       Paralysed         |       |     7 |       ||     7
       Distracted        |       |     1 |       ||     1
  Eat: Chunk             |       |    11 |     2 ||    13
